 Dungeon Crawl Stone Soup version 0.20.1-1-g8b1a95d (webtiles) character file.

1314 kae the Covered (level 8, 0/52 HPs)
             Began as a Gargoyle Fighter on Sept 24, 2017.
             Was an Initiate of Makhleb.
             Slain by Prince Ribbit (13 damage)
             ... on level 6 of the Dungeon.
             The game lasted 00:05:15 (3955 turns).

kae the Covered (Gargoyle Fighter)                  Turns: 3955, Time: 00:05:16

Health: 0/52       AC: 15    Str: 22    XL:     8   Next: 58%
Magic:  8/8        EV:  7    Int: 14    God:    Makhleb [......]
Gold:   313        SH:  9    Dex:  9    Spells: 7/7 levels left

rFire    . . .     SeeInvis .   a - +0 trident
rCold    . . .     Gourm    .   c - +0 shield
rNeg     + . .     Faith    .   b - +0 scale mail
rPois    ∞         Spirit   .   (no helmet)
rElec    +         Reflect  .   (no cloak)
rCorr    .         Harm     .   s - +1 pair of gloves
MR       +....                  (no boots)
Stlth    ..........             (no amulet)
Regen    0.2/turn               e - ring of protection from magic
MPRegen  0.2/turn               d - +5 ring of intelligence

@: very slightly contaminated, invisible
A: negative energy resistance 1, electricity resistance, unbreathing,
petrification resistance, rot immunity, AC +5
a: Renounce Religion


You were on level 6 of the Dungeon.
You worshipped Makhleb.
Makhleb was noncommittal.
You were not hungry.

You visited 2 branches of the dungeon, and saw 7 of its levels.

You collected 313 gold pieces.

Inventory:

Hand Weapons
 a - a +0 trident (weapon)
 v - a +0 scythe
Armour
 b - a +0 scale mail (worn)
 c - a +0 shield (worn)
 s - a +1 pair of gloves (worn)
Jewellery
 d - a +5 ring of intelligence (right hand)
 e - a ring of protection from magic (left hand)
Scrolls
 g - a scroll of remove curse
 h - 2 scrolls of enchant armour
 k - 2 scrolls of teleportation
 u - a scroll of amnesia
Potions
 m - a potion of brilliance
 p - a potion of cancellation
 q - a potion of berserk rage {unknown}
 w - a potion of degeneration {unknown}
Books
 o - a book of Cantrips

   Spells                             Type                      Level
   a - Confusing Touch                Hexes                        1
   b - Animate Skeleton               Necromancy                   1
   c - Summon Small Mammal            Summoning                    1
   d - Apportation                    Translocation                1
Comestibles
 f - 6 bread rations
 i - a fruit
 j - 5 meat rations
 l - 2 royal jellies


   Skills:
 + Level 6.3 Fighting
 * Level 6.5 Polearms
 + Level 6.9 Armour
 - Level 3.2 Shields


You had 7 spell levels left.
You didn't know any spells.

Dungeon Overview and Level Annotations

Branches:
Dungeon (6/15)             Temple (1/1) D:5

Altars:
Ashenzari
Dithmenos
Elyvilon
Fedhas
Hepliaklqana
Makhleb
Nemelex Xobeh
Okawaru
Ru
Trog
Uskayaw
Vehumet
Xom
The Shining One

Annotations:
D:6 Prince Ribbit


Innate Abilities, Weirdness & Mutations

You are resistant to torment.
Your stone body is resilient. (AC +5)
You are immune to poison.
You resist negative energy. (rN+)
You are resistant to electric shocks. (rElec)
You can survive without breathing.
You are immune to petrification.
You are immune to rotting.


Message History

Attack whom?
Press: ? - help, Dir - move target cursor, f/p - Prince Ribbit
Aim: Prince Ribbit (severely wounded)
You reach to attack!
You miss Prince Ribbit.
Prince Ribbit is severely wounded.
You block Prince Ribbit's attack.
All of the chunks of flesh in your inventory have rotted away.
Attack whom?
Press: ? - help, Dir - move target cursor, f/p - Prince Ribbit
Aim: Prince Ribbit (severely wounded)
You closely miss Prince Ribbit.
Prince Ribbit is severely wounded.
Prince Ribbit hits you but does no damage.
You closely miss Prince Ribbit.
Prince Ribbit is severely wounded.
You block Prince Ribbit's attack.
You miss Prince Ribbit.
Prince Ribbit is severely wounded.
Prince Ribbit hits you!
You die...

#########
#.......#
#.......#
#......<#
###.......#
#....######
.....##.#
#### #F.#
###@##
#...#
#.....###
...!.##
####


You could see Prince Ribbit.

Vanquished Creatures
  The ghost of Frank the Sneak, a novice OpFi (D:5)
  Grinder (D:3)
  Sigmund (D:5)
  A phantom (D:5)
  A centaur (D:5)
  An ogre (D:5)
  A scorpion (D:5)
  A howler monkey (D:4)
  A crimson imp (D:5)
  A bullfrog zombie (D:5)
  An iguana (D:5)
  3 gnolls (D:2)
  6 adders
  2 river rats (D:5)
  A shadow imp (D:5)
  2 oozes
  An adder skeleton (D:4)
  4 worms
  A dart slug (D:2)
  2 leopard geckos
  15 orcs
  11 giant cockroaches (D:3)
  14 hobgoblins
  11 jackals
  7 kobolds
  2 quokkas
  4 ball pythons
  7 bats
  2 frilled lizards
  10 goblins
  11 rats
  A bush (D:5)
128 creatures vanquished.

Vanquished Creatures (others)
  4 toadstools (D:1)
4 creatures vanquished.

Grand Total: 132 creatures vanquished

Notes
Turn   | Place    | Note
-------+----------+-------------------------------------------
     0 | D:1      | kae the Gargoyle Fighter began the quest for the Orb.
     0 | D:1      | Reached XP level 1. HP: 14/14 MP: 1/1
    80 | D:1      | Reached XP level 2. HP: 18/19 MP: 2/2
   377 | D:1      | Reached XP level 3. HP: 20/23 MP: 3/3
   878 | D:2      | Reached XP level 4. HP: 18/29 MP: 4/4
  1090 | D:2      | Found a shimmering altar of Xom.
  1344 | D:2      | Reached XP level 5. HP: 31/33 MP: 5/5
  1374 | D:2      | Found a hide-covered altar of Uskayaw.
  1377 | D:2      | Noticed a dagger
  1377 | D:2      | Noticed a dagger
  1668 | D:3      | Noticed Grinder
  1679 | D:3      | Paralysed by Grinder for 2 turns
  1687 | D:3      | Killed Grinder
  1687 | D:3      | Reached skill level 5 in Armour
  1687 | D:3      | Reached XP level 6. HP: 24/39 MP: 6/6
  2597 | D:4      | Found a glowing golden altar of the Shining One.
  2644 | D:4      | Found a shadowy altar of Dithmenos.
  2653 | D:4      | Found an iron altar of Okawaru.
  2775 | D:4      | Reached XP level 7. HP: 44/44 MP: 7/7
  2779 | D:4      | Reached skill level 5 in Fighting
  3003 | D:5      | Entered Level 5 of the Dungeon
  3055 | D:5      | Noticed Frank's ghost (novice OpFi)
  3084 | D:5      | Found a blossoming altar of Fedhas.
  3088 | D:5      | Noticed Sigmund
  3106 | D:5      | Killed Sigmund
  3106 | D:5      | Reached skill level 5 in Polearms
  3238 | D:5      | Reached XP level 8. HP: 36/51 MP: 8/8
  3296 | D:5      | Found a staircase to the Ecumenical Temple.
  3313 | D:5      | Killed Frank's ghost
  3331 | Temple   | Entered the Ecumenical Temple
  3379 | Temple   | Became a worshipper of Makhleb the Destroyer
  3934 | D:6      | Noticed Prince Ribbit
  3955 | D:6      | Slain by Prince Ribbit

Skill      XL: |  1  2  3  4  5  6  7  8 |
---------------+-------------------------+-----
Polearms       | 2 3 4 5 6 |  6.5
Armour         | 4 5 6 |  6.9
Fighting       | 4 5 6 |  6.3
Shields        | |  3.2

Action                   |  1- 3 |  4- 6 |  7- 9 || total
-------------------------+-------+-------+-------++-------
Melee: Trident           |   138 |   246 |   197 ||   581
       Spear             |       |       |    72 ||    72
  Use: Scroll            |       |     7 |     3 ||    10
       Potion            |       |       |     4 ||     4
  Eat: Chunk             |       |     7 |     4 ||    11
Armor: Scale mail        |    63 |   108 |   108 ||   279
Dodge: Dodged            |    41 |    64 |    50 ||   155
Block: Shield            |    42 |    93 |    99 ||   234
